 Dungeon Crawl Stone Soup version 0.25.1-2-g60ff931df9 (webtiles) character file.

Game seed: 17612292726671182287

8306 lorenzova the Thaumaturge (level 11, -3/54 HPs)
             Began as a Deep Elf Conjurer on Oct 15, 2020.
             Was a Priest of Vehumet.
             Slain by a warg (13 damage)
             ... on level 10 of the Dungeon.
             The game lasted 00:21:33 (12492 turns).

lorenzova the Thaumaturge (Deep Elf Conjurer)      Turns: 12492, Time: 00:21:34

Health: -3/54      AC:  7    Str:  5    XL:     11   Next: 8%
Magic:  18/30      EV:  9    Int: 24    God:    Vehumet [***...]
Gold:   665        SH:  0    Dex: 15    Spells: 24/36 levels left

rFire    + . .     SeeInvis +   P - +7 mace of Variability {chain chaos}
rCold    x . .     Gourm    .   (shield currently unavailable)
rNeg     . . .     Faith    .   B - +0 ring mail {rPois}
rPois    +         Spirit   .   (no helmet)
rElec    .         Reflect  .   A - +1 cloak
rCorr    .         Harm     .   (no gloves)
MR       +....                  (no boots)
Stlth    +.........             (no amulet)
HPRegen  0.18/turn              u - ring of see invisible
MPRegen  0.22/turn              H - ring of fire

@: lightly drained
A: no striking features
a: Renounce Religion


You were on level 10 of the Dungeon.
You worshipped Vehumet.
Vehumet was most pleased with you.
You were hungry.

You visited 2 branches of the dungeon, and saw 11 of its levels.

You collected 665 gold pieces.

Inventory:

Hand Weapons
 l - a +1 hand axe of freezing
 P - the +7 mace of Variability (weapon) {chain chaos}
   (You found it on level 9 of the Dungeon)

   Each time it hits an enemy it has a different, random effect.
Armour
 a - a +0 robe
 d - a +1 cloak
 A - a +1 cloak (worn)
 B - a +0 ring mail of poison resistance (worn)
 M - a +0 robe of resistance
Jewellery
 s - an uncursed ring of wizardry
 u - a ring of see invisible (left hand)
 y - an uncursed ring of positive energy
 H - a ring of fire (right hand)
 J - an uncursed amulet of faith
Wands
 b - a wand of digging (6)
 q - a wand of random effects (27)
 w - a wand of polymorph (2)
 x - a wand of disintegration (15)
 C - a wand of paralysis (11)
 I - a wand of clouds (4)
 L - a wand of flame (20)
 O - a wand of iceblast (6)
Scrolls
 e - 4 scrolls of teleportation
 g - 3 scrolls of random uselessness
 i - 4 scrolls of fear
 j - a scroll of magic mapping
 k - a scroll of enchant armour
 o - 2 scrolls of immolation
 t - 5 scrolls of blinking
 v - 5 scrolls of remove curse
 D - a scroll of holy word {unknown}
 E - 2 scrolls of fog {unknown}
 F - a scroll of enchant weapon {unknown}
 N - a scroll of identify
Potions
 f - a potion of heal wounds {unknown}
 h - 4 potions of curing
 m - 3 potions of stabbing
 n - 3 potions of resistance
 p - a potion of invisibility
 r - 3 potions of brilliance
 z - 2 potions of haste
 G - a potion of might {unknown}
 K - 3 potions of degeneration {unknown}
Comestibles
 c - 30 rations


   Skills:
 - Level 2.4(2.3) Dodging
 - Level 2.4(2.3) Stealth
 * Level 13.3(13.2) Spellcasting
 * Level 11.9(11.8) Conjurations
 + Level 7.1(7.0) Hexes
 + Level 5.9(5.8) Translocations
 * Level 4.5(4.4) Fire Magic


You had 24 spell levels left.
You knew the following spells:

 Your Spells              Type           Power        Failure   Level  Hunger
a - Magic Dart            Conj           ####         1%          1    None
b - Searing Ray           Conj           ######       1%          2    None
c - Iskenderun's Mystic   Conj/Tloc      ######..     1%          4    None
d - Fulminant Prism       Conj/Hex       ######....   1%          4    None
e - Foxfire               Conj/Fire      ####         1%          1    None

Your spell library contained the following spells:

 Spells                   Type           Power        Failure   Level  Hunger
 Inner Flame              Hex/Fire       ######..     1%          3    None
 Dazzling Flash           Conj/Hex       ######       1%          3    None


Dungeon Overview and Level Annotations

Branches:
Dungeon (10/15)            Temple (1/1) D:4            Lair (0/6) D:9
    Orc: D:9-12

Altars:
Ashenzari
Cheibriados
Dithmenos
Elyvilon
Fedhas
Gozag
Kikubaaqudgha
Okawaru
Ru
Sif Muna
Trog
Vehumet
Wu Jian
Xom
Yredelemnul
Zin
The Shining One


Message History

You kill the warg!
Vehumet accepts your kill.
The mystic blast hits the warg!
The warg is heavily wounded.
The warg is knocked back by the mystic blast.
The warg slams into the rock wall!
The warg barely misses you.
Unknown command.
Casting: Iskenderun's Mystic Blast (dangerous; 1% risk of failure)
Confirm with . or Enter, or press ? or * to list all spells.
You erupt in a blast of force!
The mystic blast hits the warg but does no damage.
The warg is almost dead.
The warg bites you!
* * * LOW HITPOINT WARNING * * *
The warg barely misses you.
Casting: Iskenderun's Mystic Blast (dangerous; 1% risk of failure)
Confirm with . or Enter, or press ? or * to list all spells.
You erupt in a blast of force!
The mystic blast misses the warg.
The warg bites you!
You die...

#..#..## .. .......
#. #..#..###### #.
#[#........# #.# #.#
#.+........# #.. #.#
#.#........#
.##.##.###...........
.)..........@..######
###.#..##.##h.......
#....##.##o######.
######...##.##)####
.......>.##.......#
#.######.##.......#
#<##.......# #
####.......###..#
#.##.........#


You could see a warg and an orc.

Vanquished Creatures
  A two-headed ogre (D:8)
  The ghost of Mukuu the Thaumaturge, a novice DEWz of Vehumet (D:7)
  Psyche (D:9)
  Maggie (D:9)
  2 hornets
  Prince Ribbit (D:9)
  Grinder (D:3)
  A wyvern (D:8)
  3 hungry ghosts
  2 chaos spawn (D:9)
  A warg (D:10)
  3 porcupines (D:9)
  5 ice beasts
  2 orc warriors
  2 phantoms
  A black bear (D:9)
  8 ogres
  4 centaurs
  2 big kobolds
  7 bullfrogs
  A gnoll sergeant (D:7)
  A wyvern zombie (D:7)
  5 scorpions
  9 wights (D:8)
  2 howler monkeys
  2 crimson imps
  A quasit (D:7)
  4 hounds
  2 bullfrog skeletons
  5 orc priests
  4 jellies
  3 orc wizards
  A water moccasin simulacrum (D:7)
  5 iguanas
  Terence (D:2)
  11 worker ants
  A bullfrog simulacrum (D:7)
  A hound zombie (D:7)
  A hound skeleton (D:6)
  5 gnolls (D:7)
  A howler monkey skeleton (D:8)
  11 adders
  A white imp (D:7)
  An adder skeleton (D:5)
  An adder zombie (D:6)
  3 worms
  4 dart slugs
  2 leopard geckos
  14 orcs
  2 giant cockroaches
  8 goblins
  10 hobgoblins
  3 jackals
  2 quokkas (D:4)
  A ball python (D:7)
  5 bats
  4 frilled lizards
  13 kobolds
  A leopard gecko simulacrum (D:7)
  A leopard gecko zombie (D:5)
  A quokka simulacrum (D:7)
  7 rats
  2 fungi (D:9)
  A plant (D:9)
213 creatures vanquished.

Vanquished Creatures (others)
  36 fulminant prisms
  A fungus (D:9)
  A plant (D:9)
38 creatures vanquished.

Grand Total: 251 creatures vanquished

Notes
Turn   | Place    | Note
-------+----------+-------------------------------------------
     0 | D:1      | lorenzova the Deep Elf Conjurer began the quest for the
                  | Orb.
     0 | D:1      | Reached XP level 1. HP: 10/10 MP: 6/6
   548 | D:1      | Reached XP level 2. HP: 11/15 MP: 2/8
   561 | D:1      | Learned a level 2 spell: Searing Ray
  1223 | D:1      | Reached skill level 4 in Spellcasting
  1530 | D:2      | Reached skill level 5 in Conjurations
  1530 | D:2      | Reached XP level 3. HP: 19/19 MP: 3/10
  1643 | D:2      | Noticed Terence
  1650 | D:2      | Killed Terence
  1824 | D:2      | Reached XP level 4. HP: 24/24 MP: 7/12
  2075 | D:2      | Reached skill level 5 in Spellcasting
  3157 | D:3      | Noticed Grinder
  3170 | D:3      | Killed Grinder
  3170 | D:3      | Reached skill level 6 in Spellcasting
  3170 | D:3      | Reached XP level 5. HP: 28/28 MP: 5/16
  3170 | D:3      | Reached XP level 6. HP: 32/32 MP: 5/17
  3866 | D:4      | Found a staircase to the Ecumenical Temple.
  3926 | Temple   | Entered the Ecumenical Temple
  3955 | Temple   | Became a worshipper of Vehumet
  4071 | D:4      | Reached skill level 7 in Spellcasting
  4617 | D:4      | Reached XP level 7. HP: 36/36 MP: 15/20
  4957 | D:5      | Entered Level 5 of the Dungeon
  5000 | D:5      | Reached skill level 8 in Spellcasting
  5329 | D:5      | Reached skill level 9 in Spellcasting
  5419 | D:5      | Reached XP level 8. HP: 41/41 MP: 17/23
  5493 | D:5      | Learned a level 4 spell: Iskenderun's Mystic Blast
  5498 | D:5      | Learned a level 4 spell: Fulminant Prism
  5591 | D:5      | Found a sacrificial altar of Ru.
  5861 | D:6      | Reached skill level 1 in Hexes
  5873 | D:6      | Reached skill level 1 in Translocations
  6269 | D:6      | Reached * piety under Vehumet
  6269 | D:6      | Offered knowledge of Sandblast by Vehumet.
  6269 | D:6      | Reached skill level 10 in Spellcasting
  6909 | D:6      | Reached XP level 9. HP: 45/45 MP: 19/25
  7707 | D:7      | Reached skill level 10 in Conjurations
  7817 | D:7      | Reached skill level 11 in Spellcasting
  7974 | D:7      | Found a runed translucent gate.
  7974 | D:7      | Found a runed translucent gate.
  7974 | D:7      | Found a runed translucent gate.
  8148 | D:7      | Noticed Mukuu's ghost (novice DEWz)
  8534 | D:7      | Reached skill level 5 in Hexes
  8857 | D:7      | Offered knowledge of Foxfire by Vehumet.
  9019 | D:7      | Reached ** piety under Vehumet
  9037 | D:7      | Killed Mukuu's ghost
  9037 | D:7      | Reached skill level 12 in Spellcasting
  9037 | D:7      | Reached XP level 10. HP: 50/50 MP: 9/28
  9844 | D:8      | Learned a level 1 spell: Foxfire
  9968 | D:8      | Noticed a two-headed ogre
  9980 | D:8      | Killed a two-headed ogre
  9980 | D:8      | Reached skill level 5 in Translocations
  9980 | D:8      | Reached skill level 1 in Fire Magic
 10814 | D:9      | Offered knowledge of Inner Flame by Vehumet.
 10856 | D:9      | Noticed Psyche
 10864 | D:9      | Killed Psyche
 10905 | D:9      | Reached skill level 13 in Spellcasting
 10976 | D:9      | Reached *** piety under Vehumet
 10992 | D:9      | Noticed Maggie
 11001 | D:9      | Killed Maggie
 11139 | D:9      | HP: 1/50 [hornet (13)]
 11434 | D:9      | Noticed Prince Ribbit
 11442 | D:9      | Killed Prince Ribbit
 11449 | D:9      | Reached XP level 11. HP: 35/54 MP: 7/30
 11994 | D:9      | Found a staircase to the Lair.
 12031 | D:9      | Found the +7 mace of Variability {chain chaos}
 12033 | D:9      | Found a shimmering altar of Xom.
 12447 | D:10     | Entered Level 10 of the Dungeon
 12492 | D:10     | Slain by a warg

Illustrated notes

Levels and vault maps discovered:
D:1:      zaba_arrival_water, layout_loops_cross, minmay_heptomino_h4
D:2:      layout_basic, uniq_terence
D:3:      minmay_door_path, layout_rooms, uniq_grinder
D:4:      minmay_opposing_rooms, layout_basic, minmay_temple_entry_mini_moons
D:5:      layout_basic, kennysheep_mini, first_ration
D:6:      layout_gridville
D:7:      layout_cave_pods, gammafunk_ghost_icy
D:8:      layout_loops_ring
D:9:      layout_irregular_city, grunt_lair_entry_orc_guard_hut, enter_bailey_8,
          grunt_ogre_cave, minmay_guarded_unrand_variability, uniq_psyche,
          uniq_maggie, uniq_prince_ribbit1
D:10:     lemuel_insect_pit, layout_basic, david_orc_3, grunt_qazlal_clouds
Temple:   nicolae_temple_the_god_donut

Skill      XL: |  1  2  3  4  5  6  7  8  9 10 |
---------------+-------------------------------+-----
Spellcasting   | 4 6 7 9 10 12 13 | 13.3
Conjurations   | 5 6 7 8 9 10 11 | 11.9
Hexes          | 3 5 7 |  7.1
Translocations | 2 4 5 |  5.9
Fire Magic     | 4 |  4.5
Dodging        | |  2.4
Stealth        | |  2.4

Action                   |  1- 3 |  4- 6 |  7- 9 | 10-12 || total
-------------------------+-------+-------+-------+-------++-------
Melee: Unarmed           |     2 |       |       |       ||     2
       Hand axe          |       |       |     5 |       ||     5
       Great mace        |       |       |       |     9 ||     9
 Cast: Magic Dart        |    65 |    89 |   112 |    59 ||   325
       Searing Ray       |     1 |     8 |    48 |    37 ||    94
       Fulminant Prism   |       |       |    13 |    23 ||    36
       Iskenderun's Myst |       |       |     7 |    14 ||    21
  Use: Scroll            |       |     7 |     5 |     4 ||    16
 Stab: Confused          |       |       |       |     1 ||     1
  Eat: Chunk             |     2 |     9 |    12 |    11 ||    34
Armor: Robe              |     3 |     1 |     2 |       ||     6
       Ring mail         |       |       |       |     9 ||     9
Dodge: Dodged            |     2 |     2 |    27 |    17 ||    48
